[ AOE2 MATCH · #474679057 ]
Team RMTeutons vs Bulgarians
[ REPLAY ANALYSIS · EXTRACTED FROM THE RECORDED GAME ]
Feudal
15:53
Castle
26:30
Imperial
48:54
| APM avg | 24.2 |
| APM peak | 56 |
| eAPM avg | 17.5 |
| Villagers / military | 181 / 134 |
Focus
⚔️ 24.2% · 🌾 75.8%
Spearman ×33 · Teutonic Knight ×32 · Knight ×27 · Militia ×19 · Archer ×12 · Trebuchet (Packed) ×5
Feudal
—
Castle
—
Imperial
—
| APM avg | 10.8 |
| APM peak | 19 |
| eAPM avg | 8.9 |
| Villagers / military | 52 / 168 |
Focus
⚔️ 45.4% · 🌾 54.6%
Janissary ×48 · Skirmisher ×30 · Militia ×27 · Archer ×18 · Camel Scout ×15 · Knight ×11
Feudal
10:38
Castle
19:50
Imperial
41:49
| APM avg | 11.9 |
| APM peak | 29 |
| eAPM avg | 6.1 |
| Villagers / military | 52 / 74 |
Focus
⚔️ 43.8% · 🌾 56.2%
Konnik ×26 · Spearman ×24 · Militia ×12 · Trebuchet (Packed) ×5 · Knight ×3 · Battering Ram ×2
Feudal
14:05
Castle
18:59
Imperial
39:58
| APM avg | 45.4 |
| APM peak | 104 |
| eAPM avg | 18.3 |
| Villagers / military | 97 / 198 |
Focus
⚔️ 41.2% · 🌾 58.8%
Woad Raider ×168 · Spearman ×11 · Scorpion ×9 · Trebuchet (Packed) ×4 · Knight ×3 · Militia ×3
Match map
Initial resources + every placement click. Lines = walls · curves = elevation contours. ◆ gold · ⬟ stone · ● berries · ✦ relic · ◌ wall gap
Your base· Open — unwalled flank
CrucialToke's base· Open — unwalled flank
kid-dyn0mite's base· Open — unwalled flank
EL BENDECIDO DE DIOS's base· Open — unwalled flank
Smoothed initial terrain · ◌ = detected wall gap · hover for details
Inputs per minute
— EL PADRE SANTO - - CrucialToke
Build order — EL PADRE SANTO
First 150 of 482 actions detected
| 0:06 | Research | Loom |
| 0:07 | Create | Villager (Male) |
| 0:07 | Create | Villager (Male) |
| 0:07 | Create | Villager (Male) |
| 0:07 | Create | Villager (Male) |
| 0:08 | Create | Villager (Male) |
| 0:16 | Build | House |
| 0:17 | Build | House |
| 0:18 | Build | House |
| 0:18 | Build | House |
| 0:19 | Build | House |
| 1:15 | Build | House |
| 1:49 | Build | House |
| 2:04 | Create | Villager (Male) |
| 2:51 | Create | Villager (Male) |
| 2:52 | Create | Villager (Male) |
| 3:18 | Create | Villager (Male) |
| 3:59 | Create | Villager (Male) |
| 3:59 | Create | Villager (Male) |
| 4:30 | Create | Villager (Male) |
| 4:30 | Create | Villager (Male) |
| 4:46 | Create | Villager (Male) |
| 4:55 | Create | Villager (Male) |
| 4:55 | Create | Villager (Male) |
| 5:24 | Create | Villager (Male) |
| 5:24 | Create | Villager (Male) |
| 5:49 | Create | Villager (Male) |
| 5:50 | Create | Villager (Male) |
| 6:16 | Create | Villager (Male) |
| 6:16 | Create | Villager (Male) |
| 6:30 | Create | Villager (Male) |
| 6:30 | Create | Villager (Male) |
| 6:51 | Create | Villager (Male) |
| 7:07 | Create | Villager (Male) |
| 7:08 | Create | Villager (Male) |
| 7:27 | Create | Villager (Male) |
| 7:27 | Create | Villager (Male) |
| 7:41 | Create | Villager (Male) |
| 7:57 | Create | Villager (Male) |
| 8:24 | Build | Lumber Camp |
| 8:26 | Create | Villager (Male) |
| 8:26 | Create | Villager (Male) |
| 8:43 | Build | House |
| 9:24 | Create | Villager (Male) |
| 9:24 | Create | Villager (Male) |
| 9:54 | Build | Mill |
| 9:55 | Create | Villager (Male) |
| 9:55 | Create | Villager (Male) |
| 9:56 | Create | Villager (Male) |
| 10:06 | Build | Mining Camp |
| 10:08 | Create | Villager (Male) |
| 10:09 | Create | Villager (Male) |
| 10:09 | Create | Villager (Male) |
| 10:17 | Build | Mill |
| 10:19 | Create | Villager (Male) |
| 11:19 | Build | House |
| 11:20 | Build | House |
| 12:20 | Build | Barracks |
| 12:30 | Research | Feudal Age |
| 13:26 | Build | Mining Camp |
| 13:28 | Create | Militia |
| 13:28 | Create | Militia |
| 13:28 | Create | Militia |
| 13:29 | Create | Militia |
| 13:29 | Create | Militia |
| 13:29 | Create | Militia |
| 13:41 | Create | Villager (Male) |
| 14:00 | Build | Farm |
| 14:06 | Create | Villager (Male) |
| 14:06 | Create | Villager (Male) |
| 14:07 | Create | Villager (Male) |
| 14:54 | Create | Villager (Male) |
| 14:54 | Create | Villager (Male) |
| 15:08 | Create | Villager (Male) |
| 15:15 | Build | Farm |
| 15:47 | Create | Villager (Male) |
| 15:47 | Create | Villager (Male) |
| 15:53 | Age | Feudal Age |
| 16:19 | Create | Militia |
| 16:19 | Create | Militia |
| 16:28 | Build | House |
| 16:28 | Build | House |
| 16:29 | Build | House |
| 16:50 | Build | Farm |
| 16:51 | Build | Farm |
| 16:52 | Build | Farm |
| 16:52 | Build | Farm |
| 16:53 | Build | Farm |
| 16:54 | Build | Farm |
| 16:55 | Build | Farm |
| 16:56 | Build | Farm |
| 16:57 | Build | Farm |
| 17:19 | Research | Man-at-Arms (upgrade) |
| 17:33 | Build | Watch Tower |
| 17:44 | Build | Farm |
| 17:49 | Create | Spearman |
| 17:49 | Create | Spearman |
| 18:07 | Build | Archery Range |
| 18:17 | Create | Villager (Male) |
| 18:32 | Create | Villager (Male) |
| 18:32 | Create | Villager (Male) |
| 18:33 | Create | Villager (Male) |
| 18:40 | Create | Villager (Male) |
| 18:40 | Create | Villager (Male) |
| 18:48 | Create | Archer |
| 18:48 | Create | Archer |
| 18:49 | Create | Archer |
| 18:49 | Create | Archer |
| 18:50 | Create | Skirmisher |
| 18:50 | Create | Skirmisher |
| 19:07 | Create | Villager (Male) |
| 19:28 | Research | Arson |
| 19:37 | Build | House |
| 19:40 | Build | House |
| 19:44 | Create | Villager (Male) |
| 19:44 | Create | Villager (Male) |
| 20:10 | Build | Blacksmith |
| 20:42 | Build | Farm |
| 21:10 | Build | Farm |
| 21:11 | Research | Forging |
| 21:59 | Build | Watch Tower |
| 22:15 | Research | Fletching |
| 22:33 | Build | Market |
| 23:50 | Research | Castle Age |
| 23:56 | Create | Archer |
| 23:56 | Create | Archer |
| 23:56 | Create | Archer |
| 24:15 | Research | Horse Collar |
| 24:22 | Build | Farm |
| 24:27 | Create | Spearman |
| 24:28 | Create | Spearman |
| 24:28 | Create | Spearman |
| 24:42 | Create | Archer |
| 24:43 | Create | Archer |
| 24:43 | Create | Archer |
| 24:43 | Create | Archer |
| 24:44 | Create | Archer |
| 24:56 | Create | Militia |
| 24:56 | Create | Militia |
| 24:57 | Create | Militia |
| 25:08 | Build | Farm |
| 25:28 | Create | Militia |
| 25:28 | Create | Militia |
| 25:28 | Create | Militia |
| 26:00 | Create | Spearman |
| 26:01 | Create | Spearman |
| 26:01 | Create | Spearman |
| 26:01 | Create | Spearman |
| 26:30 | Age | Castle Age |
| 26:35 | Research | Gambesons |
Build order — CrucialToke
First 150 of 302 actions detected
| 0:09 | Build | House |
| 0:13 | Build | House |
| 0:16 | Create | Villager (Male) |
| 0:16 | Create | Villager (Male) |
| 0:16 | Create | Villager (Male) |
| 0:17 | Create | Villager (Male) |
| 0:17 | Create | Villager (Male) |
| 1:39 | Create | Villager (Male) |
| 1:39 | Create | Villager (Male) |
| 2:18 | Create | Villager (Male) |
| 2:40 | Create | Villager (Male) |
| 3:14 | Create | Villager (Male) |
| 3:21 | Create | Villager (Male) |
| 4:07 | Build | House |
| 4:08 | Create | Villager (Male) |
| 4:18 | Build | Lumber Camp |
| 4:25 | Create | Villager (Male) |
| 4:39 | Build | Mill |
| 4:45 | Create | Villager (Male) |
| 5:38 | Create | Villager (Male) |
| 5:43 | Create | Villager (Male) |
| 6:30 | Create | Villager (Male) |
| 6:39 | Create | Villager (Male) |
| 7:27 | Build | House |
| 7:54 | Build | Barracks |
| 8:12 | Create | Villager (Male) |
| 8:12 | Create | Villager (Male) |
| 9:56 | Research | Feudal Age |
| 11:34 | Create | Militia |
| 11:34 | Create | Militia |
| 11:35 | Create | Militia |
| 11:35 | Create | Militia |
| 11:35 | Create | Militia |
| 12:29 | Research | Arson |
| 12:30 | Research | Man-at-Arms (upgrade) |
| 12:38 | Build | House |
| 12:46 | Build | House |
| 12:51 | Build | House |
| 13:06 | Build | Mining Camp |
| 13:11 | Build | Blacksmith |
| 13:16 | Build | Market |
| 13:47 | Build | Farm |
| 13:49 | Build | Farm |
| 13:50 | Build | Farm |
| 13:53 | Build | Farm |
| 14:13 | Research | Double-Bit Axe |
| 14:28 | Create | Villager (Male) |
| 14:29 | Create | Villager (Male) |
| 14:29 | Create | Villager (Male) |
| 15:05 | Research | Forging |
| 15:28 | Build | Stable |
| 15:36 | Research | Scale Mail Armor |
| 15:56 | Create | Villager (Male) |
| 15:56 | Create | Villager (Male) |
| 16:17 | Research | Horse Collar |
| 16:38 | Build | Farm |
| 16:41 | Build | Farm |
| 16:45 | Build | Farm |
| 17:04 | Build | Farm |
| 18:19 | Create | Scout Cavalry |
| 18:19 | Create | Scout Cavalry |
| 18:20 | Create | Scout Cavalry |
| 18:26 | Create | Scout Cavalry |
| 18:27 | Research | Bloodlines |
| 18:44 | Create | Villager (Male) |
| 18:54 | Build | Mining Camp |
| 19:04 | Create | Villager (Male) |
| 19:41 | Build | Farm |
| 19:42 | Build | Farm |
| 19:46 | Research | Scale Barding Armor |
| 20:08 | Create | Villager (Male) |
| 20:09 | Create | Villager (Male) |
| 20:33 | Build | Farm |
| 20:35 | Build | Farm |
| 20:37 | Build | Farm |
| 20:48 | Create | Militia |
| 20:48 | Create | Militia |
| 20:48 | Create | Militia |
| 20:49 | Create | Militia |
| 20:49 | Create | Militia |
| 21:03 | Build | Archery Range |
| 21:10 | Build | Archery Range |
| 21:17 | Create | Villager (Male) |
| 21:17 | Create | Villager (Male) |
| 21:45 | Create | Militia |
| 21:46 | Create | Militia |
| 21:46 | Create | Militia |
| 22:12 | Create | Villager (Male) |
| 22:13 | Create | Villager (Male) |
| 22:37 | Create | Archer |
| 22:37 | Create | Archer |
| 22:37 | Create | Archer |
| 22:37 | Create | Archer |
| 22:38 | Create | Archer |
| 22:53 | Build | House |
| 22:55 | Build | House |
| 23:42 | Create | Skirmisher |
| 23:42 | Create | Skirmisher |
| 23:43 | Create | Skirmisher |
| 23:43 | Create | Skirmisher |
| 23:43 | Create | Skirmisher |
| 23:43 | Create | Skirmisher |
| 23:48 | Build | Watch Tower |
| 24:17 | Create | Archer |
| 24:17 | Create | Archer |
| 24:20 | Create | Skirmisher |
| 24:24 | Create | Spearman |
| 24:25 | Create | Spearman |
| 25:16 | Build | Watch Tower |
| 25:28 | Build | Farm |
| 25:47 | Research | Fletching |
| 25:49 | Research | Padded Archer Armor |
| 25:56 | Create | Militia |
| 25:57 | Create | Militia |
| 25:57 | Create | Militia |
| 25:57 | Create | Militia |
| 25:57 | Create | Militia |
| 26:05 | Create | Militia |
| 26:05 | Create | Militia |
| 26:08 | Create | Scout Cavalry |
| 26:08 | Create | Scout Cavalry |
| 26:08 | Create | Scout Cavalry |
| 26:09 | Create | Scout Cavalry |
| 26:30 | Build | House |
| 26:38 | Build | House |
| 26:56 | Research | Gold Mining |
| 27:20 | Research | Stone Mining |
| 27:23 | Research | Town Watch |
| 27:29 | Create | Archer |
| 27:29 | Create | Archer |
| 27:34 | Create | Spearman |
| 27:34 | Create | Spearman |
| 27:45 | Build | House |
| 27:56 | Build | House |
| 28:25 | Research | Wheelbarrow |
| 28:28 | Create | Villager (Male) |
| 28:29 | Create | Villager (Male) |
| 28:44 | Create | Villager (Male) |
| 28:45 | Research | Loom |
| 29:26 | Create | Skirmisher |
| 29:26 | Create | Skirmisher |
| 29:27 | Create | Archer |
| 29:28 | Create | Archer |
| 29:28 | Create | Archer |
| 29:29 | Create | Skirmisher |
| 29:29 | Create | Skirmisher |
| 29:29 | Create | Skirmisher |
| 30:41 | Build | Farm |
| 31:07 | Build | Farm |
| 31:15 | Create | Villager (Male) |
Build order — kid-dyn0mite
First 150 of 200 actions detected
| 0:06 | Build | House |
| 0:08 | Build | House |
| 0:15 | Create | Villager (Male) |
| 0:15 | Create | Villager (Male) |
| 0:16 | Create | Villager (Male) |
| 0:16 | Create | Villager (Male) |
| 1:59 | Create | Villager (Male) |
| 2:03 | Build | Lumber Camp |
| 2:27 | Create | Villager (Male) |
| 2:46 | Create | Villager (Male) |
| 3:11 | Create | Villager (Male) |
| 3:43 | Create | Villager (Male) |
| 4:14 | Create | Villager (Male) |
| 4:18 | Build | House |
| 4:39 | Create | Villager (Male) |
| 5:05 | Create | Villager (Male) |
| 5:16 | Build | Mill |
| 5:31 | Create | Villager (Male) |
| 6:02 | Create | Villager (Male) |
| 6:48 | Create | Villager (Male) |
| 8:28 | Research | Feudal Age |
| 8:39 | Build | Barracks |
| 9:52 | Build | Mining Camp |
| 9:54 | Build | House |
| 10:07 | Create | Militia |
| 10:33 | Create | Militia |
| 10:38 | Age | Feudal Age |
| 11:00 | Create | Militia |
| 11:31 | Create | Militia |
| 12:03 | Create | Villager (Male) |
| 12:39 | Build | Farm |
| 12:42 | Create | Villager (Male) |
| 13:09 | Create | Spearman |
| 13:20 | Create | Villager (Male) |
| 13:49 | Create | Villager (Male) |
| 13:53 | Build | House |
| 14:40 | Build | Stable |
| 15:13 | Create | Villager (Male) |
| 16:02 | Build | Blacksmith |
| 16:27 | Create | Villager (Male) |
| 16:41 | Build | Farm |
| 16:55 | Build | Farm |
| 17:02 | Build | Mining Camp |
| 17:10 | Research | Castle Age |
| 17:21 | Build | Farm |
| 17:34 | Research | Forging |
| 17:53 | Build | Farm |
| 18:13 | Build | Farm |
| 18:31 | Build | Farm |
| 19:05 | Create | Militia |
| 19:12 | Research | Scale Mail Armor |
| 19:48 | Create | Villager (Male) |
| 19:50 | Age | Castle Age |
| 20:07 | Create | Militia |
| 20:11 | Create | Knight |
| 20:22 | Build | Farm |
| 20:31 | Create | Villager (Male) |
| 20:59 | Create | Knight |
| 21:01 | Create | Militia |
| 21:31 | Create | Knight |
| 21:33 | Create | Militia |
| 21:55 | Build | Krepost |
| 22:47 | Build | Krepost |
| 23:03 | Research | Bloodlines |
| 23:07 | Research | Scale Barding Armor |
| 23:10 | Create | Villager (Male) |
| 23:32 | Create | Militia |
| 23:46 | Create | Villager (Male) |
| 24:15 | Build | Mining Camp |
| 24:18 | Create | Konnik |
| 24:29 | Create | Villager (Male) |
| 24:49 | Create | Konnik |
| 25:02 | Build | Farm |
| 25:05 | Create | Villager (Male) |
| 25:41 | Create | Konnik |
| 26:13 | Create | Villager (Male) |
| 26:21 | Build | Farm |
| 26:58 | Create | Konnik |
| 27:06 | Build | Krepost |
| 27:18 | Create | Konnik |
| 27:23 | Create | Villager (Male) |
| 27:27 | Research | Fletching |
| 27:32 | Build | Farm |
| 27:53 | Create | Konnik |
| 29:04 | Build | Siege Workshop |
| 29:13 | Create | Villager (Male) |
| 29:21 | Build | Farm |
| 29:52 | Create | Mangonel |
| 30:53 | Create | Battering Ram |
| 31:36 | Create | Battering Ram |
| 31:39 | Create | Villager (Male) |
| 31:42 | Build | Farm |
| 31:45 | Build | Farm |
| 31:50 | Create | Villager (Male) |
| 32:56 | Research | Bodkin Arrow |
| 33:00 | Create | Villager (Male) |
| 34:17 | Research | Gold Mining |
| 34:19 | Create | Villager (Male) |
| 34:28 | Research | Husbandry |
| 35:13 | Create | Villager (Male) |
| 35:29 | Build | Monastery |
| 35:52 | Create | Villager (Male) |
| 36:24 | Create | Villager (Male) |
| 36:35 | Build | Market |
| 36:53 | Create | Konnik |
| 37:06 | Create | Villager (Male) |
| 37:24 | Create | Konnik |
| 37:58 | Build | Farm |
| 38:39 | Research | Imperial Age |
| 38:42 | Build | Farm |
| 38:57 | Build | Farm |
| 39:01 | Research | Double-Bit Axe |
| 39:17 | Build | Lumber Camp |
| 39:46 | Build | Farm |
| 40:27 | Build | Castle |
| 40:51 | Research | Horse Collar |
| 40:55 | Research | Bow Saw |
| 41:07 | Build | Mining Camp |
| 41:49 | Age | Imperial Age |
| 41:54 | Research | Iron Casting |
| 42:05 | Create | Spearman |
| 42:18 | Create | Konnik |
| 42:33 | Create | Spearman |
| 42:40 | Create | Trebuchet (Packed) |
| 42:58 | Create | Spearman |
| 43:21 | Create | Spearman |
| 44:27 | Create | Spearman |
| 44:28 | Create | Spearman |
| 44:29 | Research | Squires |
| 45:05 | Create | Konnik |
| 45:18 | Create | Spearman |
| 45:57 | Create | Spearman |
| 46:02 | Create | Konnik |
| 46:25 | Create | Villager (Male) |
| 46:26 | Create | Villager (Male) |
| 46:38 | Create | Konnik |
| 46:41 | Create | Spearman |
| 47:02 | Create | Konnik |
| 47:08 | Research | Pikeman (upgrade) |
| 47:16 | Create | Villager (Male) |
| 47:17 | Create | Villager (Male) |
| 48:18 | Create | Konnik |
| 48:23 | Research | Chain Barding Armor |
| 48:28 | Build | Farm |
| 48:39 | Create | Villager (Male) |
| 48:40 | Create | Villager (Male) |
| 48:47 | Create | Spearman |
| 49:08 | Create | Konnik |
| 49:14 | Create | Spearman |
| 49:18 | Create | Villager (Male) |
Build order — EL BENDECIDO DE DIOS
First 150 of 391 actions detected
| 0:02 | Create | Villager (Male) |
| 0:02 | Create | Villager (Male) |
| 0:02 | Create | Villager (Male) |
| 0:03 | Create | Villager (Male) |
| 0:03 | Create | Villager (Male) |
| 0:05 | Build | House |
| 0:07 | Build | House |
| 0:46 | Research | Loom |
| 0:46 | Research | Loom |
| 1:25 | Create | Villager (Male) |
| 1:26 | Create | Villager (Male) |
| 2:06 | Create | Villager (Male) |
| 2:06 | Create | Villager (Male) |
| 2:22 | Create | Villager (Male) |
| 2:23 | Create | Villager (Male) |
| 2:55 | Create | Villager (Male) |
| 2:56 | Create | Villager (Male) |
| 3:29 | Build | Lumber Camp |
| 3:35 | Build | House |
| 3:35 | Build | House |
| 3:43 | Create | Villager (Male) |
| 3:43 | Create | Villager (Male) |
| 3:44 | Create | Villager (Male) |
| 3:51 | Create | Villager (Male) |
| 4:34 | Create | Villager (Male) |
| 4:34 | Create | Villager (Male) |
| 4:36 | Create | Villager (Male) |
| 5:03 | Create | Villager (Male) |
| 5:04 | Create | Villager (Male) |
| 5:45 | Create | Villager (Male) |
| 5:45 | Create | Villager (Male) |
| 6:07 | Create | Villager (Male) |
| 6:08 | Create | Villager (Male) |
| 6:09 | Create | Villager (Male) |
| 6:09 | Create | Villager (Male) |
| 7:49 | Create | Villager (Male) |
| 7:49 | Create | Villager (Male) |
| 7:50 | Create | Villager (Male) |
| 7:50 | Create | Villager (Male) |
| 8:13 | Build | Mill |
| 8:45 | Build | House |
| 8:46 | Build | House |
| 8:47 | Build | House |
| 10:26 | Build | Barracks |
| 11:55 | Research | Feudal Age |
| 12:15 | Build | Farm |
| 12:30 | Build | Mining Camp |
| 12:40 | Build | Farm |
| 12:43 | Build | Farm |
| 12:46 | Build | Farm |
| 12:50 | Build | Farm |
| 12:53 | Build | Farm |
| 12:59 | Create | Militia |
| 13:00 | Create | Militia |
| 13:00 | Create | Militia |
| 14:05 | Age | Feudal Age |
| 14:12 | Build | Farm |
| 14:16 | Build | Farm |
| 14:22 | Build | Stable |
| 14:32 | Build | Blacksmith |
| 14:35 | Build | Farm |
| 14:39 | Build | Farm |
| 14:42 | Create | Villager (Male) |
| 14:42 | Create | Villager (Male) |
| 14:43 | Create | Villager (Male) |
| 15:27 | Build | Farm |
| 15:31 | Build | Farm |
| 15:45 | Build | Mining Camp |
| 16:19 | Research | Castle Age |
| 16:19 | Research | Castle Age |
| 16:23 | Create | Spearman |
| 16:24 | Create | Spearman |
| 16:24 | Create | Spearman |
| 16:24 | Create | Spearman |
| 16:25 | Create | Spearman |
| 16:30 | Create | Spearman |
| 16:30 | Create | Spearman |
| 16:32 | Create | Spearman |
| 17:37 | Create | Spearman |
| 17:37 | Create | Spearman |
| 17:37 | Create | Spearman |
| 18:39 | Create | Villager (Male) |
| 18:39 | Create | Villager (Male) |
| 18:39 | Create | Villager (Male) |
| 18:40 | Create | Villager (Male) |
| 18:59 | Age | Castle Age |
| 19:07 | Create | Villager (Male) |
| 19:07 | Create | Villager (Male) |
| 19:07 | Create | Villager (Male) |
| 19:31 | Create | Knight |
| 19:32 | Create | Knight |
| 19:32 | Create | Knight |
| 19:56 | Research | Horse Collar |
| 19:56 | Research | Horse Collar |
| 20:08 | Create | Villager (Male) |
| 20:08 | Create | Villager (Male) |
| 20:50 | Build | House |
| 20:52 | Build | House |
| 20:53 | Build | House |
| 20:56 | Build | House |
| 21:11 | Research | Heavy Plow |
| 21:17 | Research | Stone Mining |
| 21:39 | Create | Villager (Male) |
| 21:39 | Create | Villager (Male) |
| 21:39 | Create | Villager (Male) |
| 21:51 | Create | Villager (Male) |
| 21:51 | Create | Villager (Male) |
| 22:27 | Build | Castle |
| 22:50 | Create | Villager (Male) |
| 22:51 | Create | Villager (Male) |
| 22:51 | Create | Villager (Male) |
| 22:51 | Create | Villager (Male) |
| 22:51 | Create | Villager (Male) |
| 22:52 | Create | Villager (Male) |
| 24:21 | Build | Mining Camp |
| 24:36 | Research | Double-Bit Axe |
| 25:07 | Create | Woad Raider |
| 25:07 | Create | Woad Raider |
| 25:08 | Create | Woad Raider |
| 25:08 | Create | Woad Raider |
| 25:08 | Create | Woad Raider |
| 25:08 | Create | Woad Raider |
| 25:09 | Create | Woad Raider |
| 25:30 | Create | Woad Raider |
| 25:30 | Create | Woad Raider |
| 25:44 | Build | Farm |
| 25:48 | Build | Farm |
| 26:02 | Create | Villager (Male) |
| 26:03 | Create | Villager (Male) |
| 26:03 | Create | Villager (Male) |
| 26:21 | Build | Farm |
| 27:08 | Research | Bow Saw |
| 27:43 | Build | Farm |
| 27:47 | Build | Farm |
| 27:50 | Build | Farm |
| 29:28 | Build | Farm |
| 29:33 | Build | Farm |
| 29:38 | Build | Farm |
| 29:45 | Build | Farm |
| 29:50 | Build | Farm |
| 30:21 | Create | Woad Raider |
| 30:21 | Create | Woad Raider |
| 30:21 | Create | Woad Raider |
| 30:22 | Create | Woad Raider |
| 30:22 | Create | Woad Raider |
| 30:22 | Create | Woad Raider |
| 30:22 | Create | Woad Raider |
| 30:23 | Create | Woad Raider |
| 30:23 | Create | Woad Raider |
| 30:23 | Create | Woad Raider |
Match timeline
| 7:54 | CrucialToke · first_building Barracks |
| 8:39 | kid-dyn0mite · first_building Barracks |
| 10:26 | EL BENDECIDO DE DIOS · first_building Barracks |
| 10:38 | kid-dyn0mite · age_up feudal |
| 12:20 | EL PADRE SANTO · first_building Barracks |
| 14:05 | EL BENDECIDO DE DIOS · age_up feudal |
| 14:22 | EL BENDECIDO DE DIOS · first_building Stable |
| 14:40 | kid-dyn0mite · first_building Stable |
| 15:28 | CrucialToke · first_building Stable |
| 15:53 | EL PADRE SANTO · age_up feudal |
| 18:07 | EL PADRE SANTO · first_building Archery Range |
| 18:59 | EL BENDECIDO DE DIOS · age_up castle |
| 19:50 | kid-dyn0mite · age_up castle |
| 21:03 | CrucialToke · first_building Archery Range |
| 21:55 | kid-dyn0mite · first_building Krepost |
| 22:27 | EL BENDECIDO DE DIOS · first_building Castle |
| 23:49 | EL PADRE SANTO · first_market_buy 100 food |
| 26:30 | EL PADRE SANTO · age_up castle |
| 26:59 | EL PADRE SANTO · first_market_sell 100 wood |
| 27:20 | EL PADRE SANTO · first_building Castle |
| 28:38 | EL PADRE SANTO · first_building Siege Workshop |
| 29:04 | kid-dyn0mite · first_building Siege Workshop |
| 31:36 | CrucialToke · first_market_buy 100 food |
| 31:46 | CrucialToke · first_market_sell 100 stone |
| 34:50 | CrucialToke · first_building Castle |
| 35:29 | kid-dyn0mite · first_building Monastery |
| 36:32 | EL PADRE SANTO · first_building Stable |
| 38:03 | EL PADRE SANTO · wall_segment Stone Wall x7 |
| 38:35 | EL PADRE SANTO · wall_segment Stone Wall x19 |
| 38:49 | kid-dyn0mite · first_market_sell 100 food |
| 38:51 | kid-dyn0mite · first_market_buy 100 wood |
| 39:54 | EL PADRE SANTO · wall_segment Stone Wall x14 |
| 39:58 | EL BENDECIDO DE DIOS · age_up imperial |
| 40:21 | EL BENDECIDO DE DIOS · first_building Siege Workshop |
| 40:27 | kid-dyn0mite · first_building Castle |
| 41:49 | kid-dyn0mite · age_up imperial |
| 44:46 | CrucialToke · tribute_sent a jugador 2 |
| 44:46 | CrucialToke · tribute_sent a jugador 3 |
| 44:46 | CrucialToke · tribute_sent a jugador 4 |
| 45:42 | CrucialToke · first_building Siege Workshop |
| 48:54 | EL PADRE SANTO · age_up imperial |
| 53:40 | EL PADRE SANTO · wall_segment Stone Wall x9 |
| 54:21 | EL PADRE SANTO · wall_segment Stone Wall x2 |
| 55:22 | EL PADRE SANTO · wall_segment Stone Wall x5 |
| 58:01 | EL PADRE SANTO · first_building Monastery |
| 61:09 | CrucialToke · tribute_sent a jugador 2 |
| 61:09 | CrucialToke · tribute_sent a jugador 3 |
| 61:09 | CrucialToke · tribute_sent a jugador 4 |
| 62:27 | kid-dyn0mite · resign |
[ AI ANALYSIS · 1 CREDIT ]
What really happened in this match?
Wolo.gg analyzes every decision: build order, eco, micro, common mistakes by bracket. Personalized analysis on WhatsApp or Discord in 30 seconds.
Civ guide
Teutons
Map guide
Ghost Lake
Perfil
Jugador #12029607